 Dungeon Crawl Stone Soup version 0.13.1-19-g4b9377e (webtiles) character file.

9604 Nakatomy the Markscentaur (level 11, 0/94 HPs)
             Began as a Centaur Hunter on Dec 23, 2013.
             Was a High Priest of Okawaru.
             Slain by an unseen horror (2 damage)
             ... on Level 10 of the Dungeon on Dec 24, 2013.
             The game lasted 02:08:18 (15519 turns).

Nakatomy the Markscentaur (Centaur Hunter)         Turns: 15519, Time: 02:08:18

HP   0/94        AC  8     Str 16      XL: 11   Next: 21%
MP   7/7         EV  7     Int 10      God: Okawaru [*****.]
Gold 294         SH  0     Dex 12      Spells:  0 memorised, 10 levels left

Res.Fire  : . . .   See Invis. : .   a - +0 great mace (holy)
Res.Cold  : . . .   Warding    : .   T - +2 orc ring mail {MR+}
Life Prot.: . . .   Conserve   : .   (no shield)
Res.Poison: +       Res.Corr.  : .   (no helmet)
Res.Elec. : .       Clarity    : .   (no cloak)
Sust.Abil.: + .     Spirit.Shd : .   V - +0 pair of elf gauntlets
Res.Mut.  : .       Stasis     : .   (no barding)
Res.Rott. : .       Flight     : .   (no amulet)
Saprovore : . . .                    C - ring of sustain abilities
                                     r - ring of poison resistance

@: very slightly contaminated, hasted, very quick, quite resistant to hostile
enchantments, extremely unstealthy
A: hooves 3, deformed body, herbivore 1, speed 2, fast metabolism 1, tough skin
3
a: Heroism, Finesse, Renounce Religion


You were on level 10 of the Dungeon.
You worshipped Okawaru.
Okawaru was extremely pleased with you.
You were hungry.

You visited 2 branches of the dungeon, and saw 12 of its levels.

You collected 520 gold pieces.
You spent 246 gold pieces at shops.

Inventory:

Hand weapons
 a - a +0,+0 great mace of holy wrath (weapon)
 b - a +2,+2 bow
 G - a +0,+1 sling of flame
 R - a +1,+3 orcish war axe
 X - a +2,+2 bow of evasion
 Y - a +1,+2 orcish war axe of freezing
 Z - a +0,+2 war axe of freezing
Missiles
 c - 60 arrows
 h - 34 arrows of frost
 B - 10 arrows of dispersal
Armour
 d - a +0 leather armour
 T - a +2 orcish ring mail of magic resistance (worn)
 V - a +0 pair of elven gauntlets (worn)
Magical devices
 w - a wand of heal wounds (5) {unknown}
 D - a wand of disintegration (7) {unknown}
 E - a wand of frost (13) {unknown}
 J - a wand of heal wounds (5) {unknown}
 W - a wand of fireball (3) {unknown}
Comestibles
 f - 5 bread rations
 i - an apple
 o - 5 sultanas
 z - 2 meat rations
 M - 2 pears
 U - a royal jelly
Scrolls
 e - a scroll of enchant armour
 g - 6 scrolls of identify
 j - 6 scrolls of teleportation
 l - 2 scrolls of noise
 p - 3 scrolls of remove curse
 x - a scroll of enchant weapon II
 y - a scroll of random uselessness
 F - a scroll of fog
 L - a scroll of magic mapping {unknown}
Jewellery
 r - a ring of poison resistance (left hand)
 C - a ring of sustain abilities (right hand)
 H - a +2 ring of intelligence
 O - an uncursed ring of positive energy {unknown}
 P - an uncursed ring of teleport control
Potions
 k - 3 potions of brilliance {unknown}
 m - 2 potions of restore abilities
 q - 4 potions of curing
 s - 3 potions of poison {unknown}
 t - a potion of agility {unknown}
 u - a potion of heal wounds {unknown}
 v - a potion of resistance {unknown}
 I - a potion of might
 N - 2 potions of flight {unknown}
 Q - 3 potions of berserk rage
Books
 n - a book of Dreams

   Spells                             Type                      Level
   Ensorcelled Hibernation            Hexes/Ice                    2
   Flight                             Charms/Air                   3
   Phase Shift                        Translocation                5
   Shadow Creatures                   Summoning                    5
   Mass Confusion                     Hexes                        6
   Darkness                           Hexes                        7
 K - a book of Fire

   Spells                             Type                      Level
   Fire Brand                         Charms/Fire                  2
   Ignite Poison                      Fire/Transmutation           5
   Fireball                           Conjuration/Fire             5
   Bolt of Fire                       Conjuration/Fire             6
   Delayed Fireball                   Conjuration/Fire             7
   Ring of Flames                     Charms/Fire                  7
 S - a book of Control

   Spells                             Type                      Level
   Control Teleport                   Charms/Translocation         4
   Control Undead                     Necromancy                   4
   Enslavement                        Hexes                        4
   Mass Confusion                     Hexes                        6
   Metabolic Englaciation             Hexes/Ice                    6


   Skills:
 + Level 11.2 Fighting
 + Level 16.6 Bows
 - Level 1.3 Dodging
 - Level 2.5 Stealth


You had 10 spell levels left.
You didn't know any spells.

Dungeon Overview and Level Annotations

Branches:
Dungeon (11/27)            Temple (1/1) D:4             Orc (0/4) D:10
   Lair: D:8-13

Altars:
Ashenzari
Cheibriados
Elyvilon
Fedhas
Kikubaaqudgha
Makhleb
Nemelex Xobeh
Okawaru
Sif Muna
Trog
Vehumet
Xom
Yredelemnul
Zin
the Shining One
Jiyva

Shops:
D:4 !   D:6 *}   D:9 =

Annotations:
D:4 Menkaure


Innate Abilities, Weirdness & Mutations

You have hooves in place of feet.
Armour fits poorly on your strangely shaped body.
You digest meat inefficiently.
You cover ground very quickly.
You have a fast metabolism.
You have extremely tough skin (AC +3).


Message History

It hits you!
Things that are here:
a glowing dagger; a robe It hits you.
It hits you. It hits you!
* * * LOW HITPOINT WARNING * * *
It hits you!
* * * LOW HITPOINT WARNING * * *
It hits you!
* * * LOW HITPOINT WARNING * * *
It hits you.
* * * LOW HITPOINT WARNING * * *
It hits you.
* * * LOW HITPOINT WARNING * * *
Drink which item? (? for menu, Esc to quit)
You feel yourself speed up. It hits you but does no damage.
You are very lightly contaminated with residual magic.
It hits you.
You die...

(.............## ##....
...........)...## ##...
############....# ##.. ##...#
#..# ##. ##...# #..# #.
#####...(# #..##### #.
###........####......######.
######.........................#.
..##....######..@...≈≈≈≈≈.≈≈≈≈.#.
......### ##...<..≈≈≈≈≈.≈≈≈≈...
.....## #.......≈≈≈≈≈.≈≈≈≈.##
##..## ##..)....≈≈≈≈≈.{≈≈≈.# ####
##..###.........(≈≈≈.# ##.###
###..## ##..{≈≈≈.......#
##....###...## #..≈≈≈(.≈≈≈≈≈.#
#..........## ##..≈≈≈≈.≈≈≈≈≈.##
..........## #...≈≈≈≈.≈≈≈≈≈...


There were no monsters in sight!

Vanquished Creatures
  Josephine (D:10)
  A hill giant (D:10)
  The ghost of schraubchen the Ducker, an average FeMo (D:4)
  A wyvern (D:10)
  22 yaks
  A hungry ghost (D:9)
  A manticore (D:10)
  A hippogriff (D:7)
  2 orc warriors
  5 ice beasts
  The ghost of Nakatomy the Poker, an average MiFi (D:5)
  3 centaurs
  2 phantoms
  5 ogres
  5 sky beasts
  7 giant frogs
  3 killer bees (D:9)
  A manticore skeleton (D:10)
  A cyclops skeleton (D:10)
  A yak zombie (D:10)
  3 crimson imps
  3 electric eels (D:10)
  2 goliath beetles
  3 orc priests
  2 scorpions
  5 hounds
  2 jellies
  A two-headed ogre skeleton (D:10)
  7 orc wizards
  7 worker ants
  An iguana (D:7)
  A troll simulacrum (D:10)
  A hound skeleton (D:10)
  12 adders
  A steam dragon zombie (D:5)
  A giant centipede (D:9)
  2 worms
  An adder zombie (D:9)
  A giant centipede zombie (D:10)
  3 giant eyeballs
  5 oozes
  33 orcs
  A bat skeleton (D:5)
  6 giant cockroaches
  11 hobgoblins
  18 jackals
  17 kobolds
  2 quokkas (D:3)
  4 ball pythons
  18 bats
  6 giant geckos
  3 giant newts
  A giant spore (D:9)
  9 goblins
  An orc skeleton (D:5)
  A quokka skeleton (D:5)
  13 rats
  5 ballistomycetes (D:9)
278 creatures vanquished.

Notes
Turn   | Place    | Note
--------------------------------------------------------------
     0 | D:1      | Nakatomy, the Centaur Hunter, began the quest for the Orb.
     0 | D:1      | Reached XP level 1. HP: 17/17 MP: 0/0
     0 | D:1      | eXcel: re!
     0 | D:1      | Nakatomy: re
   131 | D:1      | Reached skill level 1 in Stealth
   136 | D:1      | Reached XP level 2. HP: 7/24 MP: 1/1
   978 | D:2      | Reached skill level 6 in Bows
   978 | D:2      | Reached XP level 3. HP: 20/29 MP: 2/2
  1128 | D:2      | HP: 1/29 [poisoned by an adder]
  1739 | D:2      | eXcel: kein bock mehr auf fighter?
  1751 | D:2      | Reached XP level 4. HP: 26/36 MP: 2/2
  1860 | D:2      | Nakatomy: hat mich genervt
  1860 | D:2      | Nakatomy: ich mach jetzt einen centauren hunter .. der ohne waffe kämpft ^^
  2144 | D:2      | eXcel: krasser stuff
  2190 | D:2      | Nakatomy: kuashfkjahsf
  2190 | D:2      | Nakatomy: 2 sinnbefreite punkte in stealth gepackt -.-
  2273 | D:2      | eXcel: stealth habens mit irgendwas zusammengelegt
  2275 | D:2      | eXcel: das was man für den SpEn brauchte
  2275 | D:2      | Nakatomy: ok..?!
  2275 | D:2      | eXcel: assassination oder wie das hieß
  2275 | D:2      | Nakatomy: ajo
  2275 | D:2      | eXcel: ambush?
  2275 | D:2      | Nakatomy: naja der centaure braucht es auf jedenfall nicht
  2275 | D:2      | Nakatomy: backstabbing
  2275 | D:2      | eXcel: jo
  2275 | D:2      | eXcel: genau
  2275 | D:2      | Nakatomy: gibts dafür auch neue sachen?
  2275 | D:2      | Nakatomy: oder sind sie einfach nur wie wild am streichen Oo
  2275 | D:2      | eXcel: ich seh nix neues
  2275 | D:2      | Nakatomy: ich auch nicht
  2282 | D:2      | Nakatomy: ich brauche mehr pfeile - oka - und einen guten bogen!
  2347 | D:2      | eXcel: Stabbing skill is no more; stabs now depend upon the average of the character's stealth and weapon skill.
  2403 | D:2      | Nakatomy: ajo
  2403 | D:2      | Nakatomy: d.h. der spEn ist nun noch einfacher ??!
  2593 | D:3      | Found a viscous altar of Jiyva.
  2602 | D:3      | eXcel: sieht so aus
  2608 | D:3      | eXcel: ein skill weniger zum hochziehen..
  3167 | D:3      | Nakatomy: naja vorher hat man den weapon skill nicht hochgezogen
  3167 | D:3      | Nakatomy: glaube ich Oo
  3528 | D:3      | Reached XP level 5. HP: 15/41 MP: 3/3
  3545 | D:3      | Reached skill level 7 in Bows
  4399 | D:5      | Entered Level 5 of the Dungeon
  4399 | D:5      | Noticed an ogre
  4404 | D:4      | Found Quzaor's Distillery.
  4416 | D:4      | Nakatomy: soll ich mal 40 gold investieren um die 2 pots zu identifizieren?
  4416 | D:4      | eXcel: hm
  4416 | D:4      | eXcel: kann wohl nicht schaden
  4416 | D:4      | Nakatomy: glaube ich auch
  4416 | D:4      | Nakatomy: und 40 gold ist ja nichts
  4416 | D:4      | Bought a potion of strong poison for 26 gold pieces
  4416 | D:4      | Bought a potion of paralysis for 13 gold pieces
  4422 | D:4      | Noticed an ogre
  4454 | D:4      | Reached skill level 8 in Bows
  4473 | D:4      | Killed an ogre
  4473 | D:4      | Reached XP level 6. HP: 11/48 MP: 4/4
  4590 | D:4      | Noticed schraubchen's ghost (average FeMo)
  4591 | D:4      | eXcel: bash ihn so hart dass es raucht
  4591 | D:4      | Nakatomy: schraubchen's ghost
  4591 | D:4      | Nakatomy: felid monk
  4591 | D:4      | Nakatomy: was die wohl machen Ii
  4591 | D:4      | Nakatomy: Oo
  4591 | D:4      | eXcel: vermutlich nen ziemlich krasser meelee char
  4591 | D:4      | Nakatomy: welcher levelbereich ist average?
  4591 | D:4      | eXcel: mal schauen
  4591 | D:4      | Nakatomy: ich kenne auch die ganzen blöden irc befehle nicht mehr
  4591 | D:4      | eXcel: 4-6
  4591 | D:4      | Nakatomy: irgendwas gab es da konnte man sehen wie viele chars die eigenen geister schon getötet haben
  4591 | D:4      | Nakatomy: naja ich bashe ihn hart!
  4601 | D:4      | Killed schraubchen's ghost
  4601 | D:4      | Reached skill level 9 in Bows
  4602 | D:4      | eXcel: ez mode?
  4602 | D:4      | Nakatomy: war das hart genug??
  4622 | D:4      | eXcel: 6 pfeile.. naja ok
  4628 | D:4      | eXcel: 5 wäre so hart gewesen dass es raucht
  4628 | D:4      | Nakatomy: uh um weihnachten rum bedeutet rauch meist nichts gutes
  4743 | D:4      | Found a staircase to the Ecumenical Temple.
  4761 | D:4      | eXcel: ausser es ist weihrauch
  4761 | D:4      | eXcel: d.h. du musst den nächsten ghost so hart bashen dass es weihraucht
  4761 | D:4      | Nakatomy: dann ist man vermutlich gerade in der katholischen kirche => auch nicht gut
  4768 | D:4      | Noticed an ogre
  4775 | D:4      | eXcel: das stimmt wohl
  4777 | D:4      | Killed an ogre
  4777 | D:4      | Reached skill level 10 in Bows
  4777 | D:4      | Reached XP level 7. HP: 39/53 MP: 4/4
  4809 | Temple   | Entered the Ecumenical Temple
  4810 | Temple   | Nakatomy: dann schauen wir mal ..
  4851 | Temple   | eXcel: xD
  4851 | Temple   | Nakatomy: -.-
  4959 | D:4      | Nakatomy: das spiel hasst mich doch ..
  4966 | D:5      | Noticed an ogre
  5058 | D:4      | Noticed Menkaure
  5062 | D:4      | Nakatomy: ubs
  5062 | D:4      | Nakatomy: mal fix 3 runden nicht hingeschaut -.-
  5259 | D:3      | Nakatomy: ob ich ihn bashen kann?
  5259 | D:3      | eXcel: lass es uns herausfinden
  5259 | D:3      | Nakatomy: die tuse rastet dann zwar aus - aber da bin ich glaube ich schneller und kann sie kiten
  5270 | D:3      | Nakatomy: ok ich schaue nochmal später
  5379 | D:3      | eXcel: menkaure ist keiner von den twins
  5413 | D:3      | eXcel: das ist nen lich
  5413 | D:3      | Nakatomy: ich dachte :-(
  5413 | D:3      | Nakatomy: ok .. der basht mich hart
  5697 | D:4      | eXcel: essen!
  5886 | D:4      | Killed an ogre
  6297 | D:5      | 4x tiefes Wasser
  6303 | D:5      | Noticed a sky beast
  6304 | D:5      | Nakatomy: uh
  6304 | D:5      | Nakatomy: schon wieder etwas, was mich erst neulich getötet hat ..
  6346 | D:5      | Killed an ogre
  6346 | D:5      | Reached skill level 11 in Bows
  6361 | D:5      | Noticed Nakatomy's ghost (average MiFi)
  6361 | D:5      | eXcel: oha
  6361 | D:5      | Nakatomy: oha
  6361 | D:5      | Nakatomy: ist der zombie dragon dagegen imun?
  6373 | D:5      | eXcel: vermutlich zu hohe AC
  6406 | D:5      | Killed Nakatomy's ghost
  6407 | D:5      | eXcel: dem hast dus gezeigt
  6407 | D:5      | eXcel: dem nakatomy
  6407 | D:5      | Nakatomy: der war schwach
  6464 | D:5      | Reached XP level 8. HP: 61/63 MP: 5/5
  6465 | D:5      | Nakatomy: ich denke mein centaure wird eine waffe die viele helden töten wird
  6470 | D:5      | Nakatomy: ich denke ich organisiere einen guten bogen und dann sterbe ich in d:3
  6474 | D:5      | eXcel: gute idee
  6530 | D:5      | Killed a sky beast
  6587 | D:5      | Noticed a sky beast
  6612 | D:5      | Killed a sky beast
  6678 | D:6      | Nakatomy: wenn er dann deinen nächsten char hart weihraucht .. dann wars eine top idee
  6705 | D:6      | Found Zin's Purification Station.
  6710 | D:6      | Found a glowing silver altar of Zin.
  6718 | D:6      | eXcel: ich bin grad am überlegen womit ich wohl anfange
  6719 | D:6      | eXcel: vermutlich wirds aber eh wieder nen MiFi :[
  6719 | D:6      | Nakatomy: ne mach mal was anderes
  6719 | D:6      | Nakatomy: das ist irgendwie spannender
  6719 | D:6      | Nakatomy: der CeHu ist z.B. gar nicht mal unlustig
  6719 | D:6      | eXcel: den eindruck hab ich auch
  6719 | D:6      | eXcel: ich könnte auch was von dem neuen kram ausprobieren
  6719 | D:6      | eXcel: gargoyle irgendwas
  6719 | D:6      | Nakatomy: oder ein DECj
  6730 | D:6      | Nakatomy: na .. grandioser shop
  6790 | D:6      | Found a basalt altar of Yredelemnul.
  6791 | D:6      | Found a shattered altar of Ashenzari.
  6793 | D:6      | Nakatomy: immerhin noch 3 andere götter "auch nicht gefunden"
  6842 | D:6      | Found an iron altar of Okawaru.
  6842 | D:6      | Found a deep blue altar of Sif Muna.
  6842 | D:6      | Found a shimmering altar of Xom.
  6849 | D:6      | eXcel: da isser doch
  6863 | D:6      | eXcel: der mit dem schwert!
  6863 | D:6      | Nakatomy: ich weiß
  6863 | D:6      | Nakatomy: ich habe geschaut ob noch einer fehlte
  6908 | D:6      | Became a worshipper of Warmaster Okawaru
  6909 | D:6      | Nakatomy: Hi Oka
  6953 | D:6      | eXcel: sup?
  6956 | D:6      | Nakatomy: er hat hallo gesagt, ich auch
  6970 | D:6      | Nakatomy: direkt gut mit ihm stellen .. sonst kriege ich schwerter xD
  6972 | D:6      | eXcel: dann wirds zeit dass er mal ne vernünftige waffe rüberwachsen lässt
  7286 | D:6      | Found Bahuwawa's Gadget Shop.
  7294 | D:6      | Nakatomy: bitte was ist das
  7294 | D:6      | eXcel: xD
  7294 | D:6      | Nakatomy: ich muss mal aufs klo - dann möchte ich wissen was das ist xD
  7294 | D:6      | eXcel: naja das sind diese summoning items
  7294 | D:6      | eXcel: also zumindest der sack of spiders und der bottled efreet
  7294 | D:6      | eXcel: crystal ball restored mana
  7294 | D:6      | eXcel: stone of tremors macht dmg an allem was neben ner wand steht
  7294 | D:6      | eXcel: und fan of gales summoned nen air elemental
  7294 | D:6      | eXcel: alles total knorker stuff, aber vermutlich nicht zu den preisen
  7294 | D:6      | Nakatomy: interessant
  7294 | D:6      | Nakatomy: ich mache noch fix eine suppe warm dann geht es weiter!!
  7294 | D:6      | eXcel: ok!
  7294 | D:6      | Nakatomy: re
  7294 | D:6      | Nakatomy: schlecht wenn man mit einer suppe in der hand die treppe runter läuft und vergisst, dass man gerade eine treppe runter läuft -
  7294 | D:6      | Nakatomy: dann einen schritt nach vorne macht (wie auf einer ebene) - und gerade wenn man das gewicht verlagern will und schon die treppe am runter fallen ist .. fällt es einem wieder ein: ACH - ich laufe gerade eine treppe runter"
  7294 | D:6      | Nakatomy: das war .. knapp ..
  7472 | D:7      | Nakatomy: "breath" ist auch neu, oder?
  7504 | D:7      | Reached skill level 5 in Fighting
  7546 | D:7      | Reached skill level 12 in Bows
  7998 | D:7      | eXcel: hm
  8003 | D:7      | eXcel: kA!
  8062 | D:7      | Nakatomy: hm ne
  8062 | D:7      | Nakatomy: schon länger drin
  8062 | D:7      | Nakatomy: hatte ich noch nie
  8062 | D:7      | Nakatomy: was sind "curare-tipped" nadeln?
  8062 | D:7      | eXcel: das ist dieses instantkill gift
  8062 | D:7      | eXcel: ok sie habens geändert
  8062 | D:7      | eXcel: ist nicht mehr instant
  8064 | D:7      | eXcel: Curare: poisons, asphyxiates, and slows creatures.
  8357 | D:7      | eXcel: willst du dir nichtmal ne vernünftige meelee waffe besorgen?
  8398 | D:7      | Nakatomy: ne
  8398 | D:7      | Nakatomy: der centaure hat ja einen bonus durch seine füße
  8398 | D:7      | Nakatomy: auf unarmed combat
  8442 | D:7      | eXcel: aber der kick wird ja unabhängig von deiner waffe ausgelöst
  8444 | D:7      | Nakatomy: hm nochmal die mechanik durchlesen
  8444 | D:7      | Nakatomy: sek
  8444 | D:7      | eXcel: Auxiliary attacks are additional attacks that you occasionally perform during melee combat. These randomly trigger along with your standard melee attacks
  8444 | D:7      | Nakatomy: Centaurs have a slightly better aptitude for unarmed combat, but the other choices are also very good. Unarmed combat pairs well in a CeHu build for a few reasons: Centaurs do good damage with their hooves in the early/mid game. Unarmed combat sees a good boost from Okawaru's Heroism abilit.
  8444 | D:7      | eXcel: hm also so wie ich das verstehe ist UC nur toll wegen der höheren aptitude und weils schneller steigt
  8444 | D:7      | Nakatomy: hm ich kann auch mal eine waffe suchen
  8444 | D:7      | eXcel: der kick sollte nebenbei auslösen, wie der headbutt vom minotaur
  8462 | D:7      | eXcel: naja ne ich meinte nur weil da unten irgendwo ne enchanted handaxe rumlag
  8564 | D:7      | Found a burning altar of Makhleb.
  8597 | D:8      | Nakatomy: geht auf jedenfall deutlich schneller
  8619 | D:8      | Nakatomy: gab es nicht auch einen natürlichen weg zwischen 2 waffensets hin und her zu schalten? Ich habe nun ein Macro gebaut
  8632 | D:8      | Reached XP level 9. HP: 72/72 MP: 6/6
  8633 | D:8      | eXcel: ich glaub x schaltet zwischen zwei waffen um
  8633 | D:8      | Nakatomy: nope
  8635 | D:8      | Found a burning altar of Makhleb.
  8977 | D:8      | Acquired Okawaru's first power
  9106 | D:8      | Reached skill level 13 in Bows
  9148 | D:8      | Nakatomy: nach dem floor mal ein wenig rollen lesen
  9537 | D:8      | eXcel: also ' wechselt zwischen item a und item b
  9550 | D:8      | eXcel: d.h. du müsstest deinen bogen und die axt auf a und b legen
  9556 | D:8      | eXcel: dann kannst einfach wechseln
  9582 | D:8      | Nakatomy: ajo genau
  9582 | D:8      | eXcel: bei der gelegenheit kannst auch das +0 short sword wegwerfen!
  9583 | D:8      | Nakatomy: wie änderte man gleich die buchstabden vor den sachen?
  9583 | D:8      | Nakatomy: wie man alles innerhalb von 6 monaten vergessen kann ist echt erschreckend -.-
  9622 | D:8      | eXcel: mit =
  9627 | D:8      | Nakatomy: perfekt
  9824 | D:9      | Paralysed by a giant eyeball for 3 turns
  9855 | D:10     | Entered Level 10 of the Dungeon
  9855 | D:10     | Found a staircase to the Orcish Mines.
  9969 | D:9      | eXcel: bin mal gespannt wann sich die axt IDt
  9980 | D:9      | eXcel: so wie die reinhaut hat die bestimmt krasse enchantments
  9981 | D:9      | Nakatomy: dachte ich auch schon
 10383 | D:9      | eXcel: da guck
 10385 | D:9      | eXcel: da war der kick
 10385 | D:9      | eXcel: der ist unabhängig von unarmed combat
 10447 | D:9      | Nakatomy: was man wohl für eine rüstung anziehen sollte
 10467 | D:9      | Reached skill level 14 in Bows
 10468 | D:9      | eXcel: Since spell failure doesn't matter and your EV is already penalized by your size, you'll want the biggest, heaviest armour you can wear
 10468 | D:9      | eXcel: Slap on a barding as soon as you find one, and put on some plate armour once you have 18 strength.
 10468 | D:9      | Nakatomy: ok
 10486 | D:9      | Nakatomy: uh
 10486 | D:9      | eXcel: immerhin 2 AC mehr
 10486 | D:9      | Nakatomy: gar nicht so schlecht
 10486 | D:9      | eXcel: und magic resistance!
 10487 | D:9      | eXcel: ist doch hart knorke
 10786 | D:10     | HP: 1/75 [cyclops skeleton[Josephine] (23)]
 10791 | D:9      | eXcel: !!!
 10792 | D:9      | Nakatomy: was machen die bitte für einen dmg Oo
 10792 | D:9      | eXcel: luck0r!
 10792 | D:9      | eXcel: naja
 10792 | D:9      | Nakatomy: die sahen so unendlich klein und harmlos aus
 10795 | D:9      | eXcel: cyclops
 10939 | D:9      | Nakatomy: hm die habe ich gar nicht gesehen Oo
 11048 | D:9      | eXcel: ne das waren cyclops skeletons
 11069 | D:9      | Nakatomy: ajo
 11136 | D:9      | eXcel: und da cyclops normal schon heftig sind
 11150 | D:9      | eXcel: sind die skeletons entsprechend auch heftig!
 11188 | D:9      | Found a shattered altar of Ashenzari.
 11420 | D:9      | Reached XP level 10. HP: 25/84 MP: 6/6
 11690 | D:9      | Nakatomy: meine suppe wird kalt und ich habe noch eine portion im topf
 11690 | D:9      | Nakatomy: ich mache mal pause bis die leer ist, spielst du weiter?
 11690 | D:9      | eXcel: ich bin grad noch nen guide lesen
 11690 | D:9      | Nakatomy: für welche kombi
 11690 | D:9      | eXcel: über gargoyles!
 11690 | D:9      | eXcel: klasse weiß ich noch nicht
 11690 | D:9      | eXcel: hat er noch nix zu gesagt..
 11690 | D:9      | Nakatomy: stehen schon gute guides im wiki?
 11711 | D:9      | Paralysed by a giant eyeball for 3 turns
 11816 | D:9      | eXcel: naja sieht zumindest umfangreich aus
 11936 | D:9      | Nakatomy: zu den Centauren stehen nur kurze texte online :-(
 12279 | D:9      | Found Thruoq's Jewellery Emporium.
 12286 | D:9      | Nakatomy: hm nur einen rP+ ring ist zu schlecht für 320, oder was denkst du
 12286 | D:9      | eXcel: naja poison resist ist schon praktisch
 12286 | D:9      | eXcel: aber du hast doch ne menge ringe gefunden
 12286 | D:9      | eXcel: ID doch mal ein bisschen stuff
 12286 | D:9      | eXcel: du wolltest auch scrolls lesen!
 12286 | D:9      | Nakatomy: ich bin so verpeilt heute xD
 12370 | D:9      | Reached skill level 15 in Bows
 12580 | D:9      | Nakatomy: ringe durchprobieren oder besser identifizieren?
 12583 | D:9      | eXcel: die entscheidung überlasse ich dir!
 12584 | D:9      | eXcel: .. xD
 12584 | D:9      | Nakatomy: stirb
 12584 | D:9      | Nakatomy: ..
 12584 | D:9      | eXcel: 320 gp gespart
 12661 | D:9      | Reached skill level 10 in Fighting
 12666 | D:9      | Received a gift from Okawaru
 12671 | D:9      | eXcel: uh!
 12696 | D:9      | eXcel: bestimmt krasser müll
 12741 | D:9      | Nakatomy: 34 krasse frost pfeile
 12741 | D:9      | eXcel: arr0wZ of fr0zt!
 12861 | D:9      | Nakatomy: jetzt habe ich einen mächtigen +2+2 bow
 12861 | D:9      | Nakatomy: und dein guide scheint ja ausgelesen zu sein
 12861 | D:9      | Nakatomy: dann kannst du übernehmen
 12861 | D:9      | Nakatomy: und ich die suppe aufwärmen xD
 12861 | D:9      | eXcel: hm ja
 12862 | D:9      | eXcel: ich spiel aber zunächst mal nen MiFi um wieder reinzukommen in die ganze sache!
 12863 | D:9      | Nakatomy: sek
 12863 | D:9      | Nakatomy: also kannst gerne loslegen, aber 2-3 sachen mache ich hie rnoch
 12863 | D:9      | Nakatomy: ich kaufe nun ganz viele pots damit ich mir die rollen zum IDen spare
 12863 | D:9      | Nakatomy: weil ich trinke ungerne eine cure muta pot blind
 12863 | D:9      | eXcel: ok
 12865 | D:9      | Nakatomy: control tele ist auch ganz nett
 13119 | D:4      | Bought a potion of restore abilities for 39 gold pieces
 13119 | D:4      | Bought a potion of speed for 71 gold pieces
 13119 | D:4      | Bought a potion of might for 32 gold pieces
 13119 | D:4      | Bought a potion of curing for 26 gold pieces
 13119 | D:4      | Bought a potion of berserk rage for 39 gold pieces
 13120 | D:4      | Nakatomy: perfekt
 13120 | D:4      | Nakatomy: so das wollte ich noch gemacht haben
 13120 | D:4      | Nakatomy: kann man irgendwie einstellen, dass man wieder sieht wie er läuft?
 13120 | D:4      | eXcel: bestimmt
 13120 | D:4      | eXcel: aber kA wiue
 13120 | D:4      | eXcel: -u
 13275 | D:4      | Nakatomy: noch 2-3 min afk
 13275 | D:4      | Nakatomy: dann gehts hier hart weiter
 13348 | D:5      | Noticed an ice beast
 13370 | D:5      | Killed an ice beast
 13700 | D:5      | eXcel: ich hab nebenbei mal ein wenig auf s-z.org probiert
 13706 | D:5      | eXcel: also mein ping ist da zwar mies
 13706 | D:5      | eXcel: aber es laggt nicht..
 13706 | D:5      | Nakatomy: dann werden wir nachdem mein char gestorben ist dahin umziehen
 13706 | D:5      | eXcel: evtl. sollten wirs doch da nochmal testen
 13843 | D:9      | eXcel: uh
 13843 | D:9      | eXcel: ein krass0r bogen
 13843 | D:9      | Nakatomy: naja
 13843 | D:9      | Nakatomy: das ist ein totaler shice bonus auf dem bogen
 14192 | D:10     | eXcel: sie sharks zu meeleen war evtl. nicht die tollste idee
 14208 | D:10     | Nakatomy: ich dachte: och die können da nicht raus, da komme ich ja einfach weg
 14216 | D:9      | eXcel: da hattest du nochmal glück dass du damit recht hattest
 14235 | D:10     | Nakatomy: machen die so harten schaden?
 14243 | D:10     | eXcel: naja du warst eben ziemlich unten
 14499 | D:10     | Reached skill level 16 in Bows
 14534 | D:10     | Nakatomy: ich müsste eigentlich mal ein paar gegner stats kennen
 14534 | D:10     | Nakatomy: ich meine was wir machen ist: einfach immer drauf los
 14534 | D:10     | Nakatomy: und wenn wir ein paar mal gestorben sind merken wir uns: die sind böse
 14534 | D:10     | Nakatomy: ohne genau zu wissen wann man die dann gut schaffen kann
 14700 | D:10     | Noticed a hill giant
 14707 | D:10     | eXcel: hf!
 14744 | D:10     | Killed a hill giant
 14744 | D:10     | Reached XP level 11. HP: 93/93 MP: 7/7
 14746 | D:10     | eXcel: naja ok
 14803 | D:10     | Nakatomy: centauren fähigkeit => schnell laufen
 15068 | D:10     | Acquired Okawaru's second power
 15070 | D:10     | Nakatomy: irgendwann viel mir gerade ein, dass ich ja gar keine angst vor dem haben muss
 15070 | D:10     | Nakatomy: denn ich habe einen ring gegen gif
 15070 | D:10     | Nakatomy: t
 15082 | D:10     | Noticed Josephine
 15085 | D:10     | Nakatomy: uh ein ice troll und ein unique
 15085 | D:10     | Nakatomy: da habe ich schon angst
 15102 | D:10     | Killed Josephine
 15108 | D:10     | eXcel: naja..
 15111 | D:10     | eXcel: schade um die potions, aber ansonsten...
 15111 | D:10     | Nakatomy: jo ich muss mal welche zwischenlagern
 15111 | D:10     | Nakatomy: deswegen suche ich gerade lair 1, da ist ein guter platz dafür
 15123 | D:10     | Received a gift from Okawaru
 15125 | D:10     | Nakatomy: kann der mir auch mal krasse ausrüstung schenken?
 15125 | D:10     | Nakatomy: oder nur .. pfeile
 15170 | D:10     | eXcel: was hat er dir geschenkt?
 15181 | D:10     | eXcel: habs grad nicht gesehen
 15186 | D:10     | Nakatomy: 10 pfeile
 15186 | D:10     | eXcel: xD
 15186 | D:10     | eXcel: ah
 15196 | D:10     | eXcel: aber dispersal ist doch das was gegner wegteleportiert
 15260 | D:10     | Nakatomy: wegblinkt
 15260 | D:10     | Nakatomy: aber jo , ganz gut
 15441 | D:10     | eXcel: die great mace wär doch auch evtl. was
 15452 | D:10     | eXcel: weil du eh keinen shield tragen kannst
 15485 | D:10     | eXcel: perfekt gegen das ganze undead gesocks
 15515 | D:10     | HP: 2/94 [something (5)]
 15519 | D:10     | Slain by an unseen horror

Action                   |  1- 3 |  4- 6 |  7- 9 | 10-12 || total
-------------------------+-------+-------+-------+-------++-------
Melee: Unarmed           |   148 |   181 |    96 |       ||   425
       War axe           |       |       |   112 |   126 ||   238
       Great mace        |       |       |       |     4 ||     4
 Fire: Bow               |    25 |    56 |   237 |   259 ||   577
Throw: Dart              |       |       |     4 |     7 ||    11
  Use: Scroll            |       |       |       |    20 ||    20
       Potion            |       |       |       |     1 ||     1
